Map: Hardwire LE

Players

Blank

  • Race: Terran Terran
  • League: Diamond
  • Spawn Location: 1:00

Warthog - Winner!

  • Race: Terran Terran
  • League: Diamond
  • Spawn Location: 7:00

VOD

Have the link to the VOD?

Description

Time

  • Played on: Dec. 7, 2021, 10:13 p.m.
  • Length: 13:38
Show
View Real Time Build Order
Export as new Build Order

Blank Terran 

Build Orders: Reaper Expand 

Get SALT Encoding   

  12  0:00  SCV  
  13  0:13  SCV  
  14  0:17  Supply Depot  
  14  0:25  SCV  
  15  0:38  SCV  
  15  0:40  Barracks  
  16  0:45  Refinery  
  16  0:53  SCV  
  17  1:05  SCV  
  18  1:17  SCV  
  19  1:29  Reaper, Orbital Command  
  20  1:43  Command Center  
  19  1:55  SCV  
  20  2:01  Marine  
  20  2:03  Supply Depot  
  20  2:07  SCV  
  22  2:12  Factory  
  22  2:19  SCV  
  22  2:20  Refinery  
  23  2:26  Barracks Reactor  
  23  2:31  SCV  
  24  2:43  SCV  
  24  2:55  Orbital Command  
  24  2:59  SCV  
  24  3:02  Factory Tech Lab, Marine x2  
  27  3:11  Starport  
  26  3:20  SCV, Marine x2  
  26  3:21  SCV  
  29  3:31  Cyclone  
  29  3:33  SCV x2  
  33  3:46  Command Center  
  33  3:48  Marine  
  32  3:56  Marine  
  32  3:57  Starport Tech Lab  
  33  4:05  SCV x2, Marine  
  36  4:17  SCV x2, Raven  
  37  4:23  Siege Tank  
  43  4:26  Supply Depot  
  43  4:29  SCV  
  44  4:33  SCV  
  44  4:37  Refinery  
  45  4:39  Refinery  
  45  4:42  SCV  
  46  4:47  SCV, Marine x2  
  49  5:00  Orbital Command  
  49  5:01  SCV x2  
  51  5:13  SCV x2  
  51  5:14  Viking x2, Siege Tank  
  56  5:16  Orbital Command  
  56  5:17  Marine  
  61  5:23  Stimpack  
  61  5:25  SCV x2  
  60  5:35  Marine  
  60  5:37  SCV  
  60  5:38  SCV  
  63  5:48  Siege Tank  
  63  5:49  Viking  
  68  5:50  SCV  
  69  5:58  SCV  
  69  6:00  Viking  
  69  6:02  SCV  
  69  6:05  SCV  
  69  6:08  Barracks  
  69  6:10  Supply Depot, Barracks  
  69  6:12  Supply Depot, Engineering Bay  
  70  6:18  Engineering Bay, SCV x2  
  70  6:19  SCV  
  70  6:22  Marine  
  73  6:30  SCV x2  
  73  6:31  SCV  
  76  6:33  Siege Tank  
  79  6:42  Marine  
  79  6:43  SCV x2  
  79  6:44  SCV  
  83  6:48  Refinery x2, Terran Infantry Weapons Level 1  
  83  6:49  Terran Infantry Armor Level 1  
  83  6:58  Barracks Reactor x2  
  83  7:00  Barracks  
  83  7:03  SCV x2, Combat Shield  
  83  7:04  SCV  
  83  7:05  Marine  
  83  7:06  Barracks  
  87  7:12  Siege Tank  
  91  7:15  SCV x2  
  91  7:16  Factory  
  91  7:17  SCV  
  93  7:32  Supply Depot  
  93  7:34  Supply Depot  
  93  7:37  Marine  
  93  7:39  SCV x2, Armory  
  93  7:40  SCV  
  97  7:46  Marine x4  
  97  7:47  Siege Tank  
  97  7:49  Barracks Reactor  
  104  7:57  Barracks Reactor  
  103  8:01  Factory Tech Lab  
  102  8:06  Barracks  
  102  8:07  Barracks  
  102  8:08  Barracks, Command Center  
  101  8:14  Sensor Tower, Marine  
  101  8:15  Marine x4  
  106  8:20  Siege Tank x2  
  115  8:29  Supply Depot  
  115  8:30  Supply Depot  
  115  8:33  SCV x2  
  114  8:34  SCV  
  114  8:36  Supply Depot  
  115  8:45  Marine  
  115  8:46  Marine x7  
  115  8:47  Marine  
  124  8:52  Medivac  
  124  8:53  Medivac  
  128  8:55  Supply Depot  
  128  8:59  Supply Depot  
  128  9:00  Supply Depot  
  128  9:01  Siege Tank  
  128  9:02  Barracks Reactor  
  131  9:03  Barracks Reactor  
  131  9:04  Barracks Reactor  
  131  9:08  Siege Tank  
  134  9:11  Marine  
  134  9:12  Marine x3  
  134  9:13  Marine  
  123  9:26  Marine x4  
  123  9:27  Medivac x2  
  123  9:28  Terran Infantry Armor Level 2, Terran Infantry Weapons Level 2  
  127  9:42  Siege Tank x2  
  127  9:43  Terran Vehicle Weapons Level 1  
  128  10:02  Marine x9  
  128  10:03  Marine x5  
  128  10:04  Medivac x2, Marine  
  147  10:21  Factory, Siege Tank x2  
  150  10:24  SCV x3, Marine  
  156  10:30  Command Center  
  156  10:34  Planetary Fortress  
  156  10:42  Marine  
  133  10:43  Marine  
  133  10:45  Medivac x2, Marine x6  
  133  10:46  Marine x4  
  119  10:57  Siege Tank x2  
  119  11:01  Marine  
  119  11:02  Marine x4  
  119  11:03  Marine  
  128  11:05  SCV x3  
  131  11:13  SCV  
  131  11:15  Factory Tech Lab  
  131  11:17  SCV x2  
  133  11:26  Marine x13  
  133  11:27  Marine  
  133  11:29  Siege Tank  
  134  11:47  Siege Tank x2  
  127  11:59  Marine x5  
  127  12:00  Marine x5  
  126  12:02  Medivac x2  
  126  12:11  Orbital Command  
  116  12:16  Siege Tank, Marine x2  
  100  12:30  SCV x3  
  100  12:33  SCV  
  102  12:46  Siege Tank x2, Marine x3  
  111  13:00  Siege Tank  
  111  13:01  Marine x2  
  111  13:02  Marine x8  
  111  13:03  Marine  
  123  13:06  SCV x3  
  123  13:07  SCV  
Show
View Real Time Build Order
Export as new Build Order

Warthog Terran - Winner!

Build Orders:  

Get SALT Encoding   

  12  0:01  SCV  
  13  0:13  SCV  
  14  0:25  SCV  
  14  0:26  Supply Depot  
  15  0:41  Refinery  
  15  0:47  SCV  
  16  0:50  Barracks  
  16  0:54  Refinery  
  16  0:59  SCV  
  17  1:11  SCV  
  18  1:24  SCV  
  19  1:38  Reaper, Orbital Command  
  20  1:47  Factory  
  20  1:53  Supply Depot  
  20  2:03  SCV  
  21  2:10  Reaper  
  21  2:15  SCV  
  23  2:27  SCV  
  24  2:31  Command Center  
  24  2:36  Hellion  
  26  2:46  SCV  
  26  2:48  Supply Depot, Reaper  
  28  2:58  SCV  
  28  3:00  Hellion  
  28  3:05  Starport  
  31  3:11  SCV  
  31  3:31  SCV  
  31  3:32  Barracks Reactor, Factory Tech Lab  
  29  3:45  Orbital Command  
  29  3:46  SCV  
  30  4:00  Cyclone, Starport Reactor  
  30  4:02  SCV  
  33  4:03  Command Center  
  33  4:13  Marine x2  
  33  4:15  SCV  
  33  4:16  SCV  
  37  4:28  SCV  
  37  4:30  SCV  
  39  4:31  Marine x2  
  39  4:34  Widow Mine  
  39  4:38  Viking x2  
  47  4:40  SCV  
  47  4:45  Barracks x2  
  48  4:50  SCV  
  48  4:52  SCV  
  50  4:55  Marine  
  50  4:59  Siege Tank  
  54  5:05  Supply Depot  
  54  5:15  SCV x2  
  54  5:16  Orbital Command  
  56  5:27  SCV x2  
  58  5:30  Refinery x2  
  58  5:37  Viking x2, Siege Tank  
  58  5:39  SCV x2  
  67  5:48  SCV  
  66  5:51  SCV x2  
  66  5:53  Engineering Bay  
  66  5:54  Engineering Bay, Barracks Tech Lab x2, Marine  
  69  5:59  Supply Depot  
  69  6:00  SCV  
  68  6:06  SCV  
  67  6:13  Marine  
  67  6:14  Stimpack, Combat Shield, Orbital Command  
  67  6:15  Marine x3  
  71  6:18  SCV  
  71  6:23  Terran Infantry Armor Level 1, Terran Infantry Weapons Level 1  
  72  6:27  SCV  
  72  6:30  SCV  
  72  6:31  Marine  
  75  6:33  Marine  
  75  6:34  Siege Tank  
  75  6:37  Viking  
  75  6:39  SCV  
  82  6:47  Marine  
  82  6:48  SCV x2  
  82  6:52  SCV  
  82  6:53  Supply Depot  
  82  6:54  Supply Depot, Marine  
  86  7:00  Barracks, SCV x2  
  89  7:02  Barracks  
  89  7:04  SCV  
  90  7:12  SCV  
  90  7:13  SCV, Marine  
  90  7:15  Marine x2  
  95  7:17  SCV  
  95  7:18  Supply Depot x2  
  95  7:19  Refinery  
  95  7:20  Refinery  
  96  7:24  SCV  
  96  7:25  SCV  
  96  7:26  Siege Tank  
  96  7:29  SCV, Viking  
  104  7:32  Viking  
  104  7:37  SCV  
  107  7:38  SCV, Armory  
  107  7:41  SCV  
  107  7:44  Marine x2  
  109  7:45  Marine x2  
  109  7:49  SCV  
  109  7:50  Barracks Reactor, SCV  
  115  7:51  Barracks Reactor  
  115  8:02  Viking x2  
  119  8:09  SCV  
  120  8:15  Supply Depot  
  120  8:16  Supply Depot  
  120  8:18  Supply Depot  
  120  8:19  Marine  
  120  8:20  Command Center, Marine x3  
  120  8:24  Terran Infantry Weapons Level 2  
  120  8:25  Terran Infantry Armor Level 2  
  124  8:27  Terran Vehicle Weapons Level 1  
  124  8:31  Marine  
  125  8:36  Siege Tank, Marine x3  
  125  8:37  Marine  
  125  8:38  Marine  
  125  8:39  Supply Depot, Viking x2  
  125  8:40  Supply Depot  
  137  8:46  SCV  
  137  8:48  Marine x2  
  139  8:49  Marine  
  139  8:54  Marine x2  
  139  8:55  Factory  
  143  9:06  Marine x5  
  143  9:07  Marine  
  143  9:09  Medivac, Siege Tank  
  154  9:12  Marine x2  
  117  9:24  Marine x6  
  117  9:28  Medivac  
  117  9:30  Marine x2  
  125  9:37  SCV  
  124  9:38  SCV  
  124  9:41  Siege Tank, Planetary Fortress  
  124  9:42  Marine x6  
  124  9:44  Factory Tech Lab  
  134  9:47  Marine x2  
  136  9:56  SCV  
  136  9:57  SCV  
  136  10:00  Marine x6  
  136  10:03  Medivac  
  136  10:05  Marine x2  
  146  10:11  Barracks  
  146  10:13  Barracks, Siege Tank  
  146  10:14  Barracks  
  149  10:17  Marine  
  149  10:18  Marine x2  
  149  10:20  Siege Tank, Marine x2  
  154  10:21  Marine  
  154  10:23  Marine x2  
  157  10:35  Marine x3  
  154  10:37  Marine x2  
  154  10:40  Marine  
  154  10:44  Marine x2  
  154  10:45  Medivac, Siege Tank  
  154  10:46  Viking  
  142  10:53  Siege Tank, Marine x3  
  142  10:55  Marine x2  
  141  10:58  Marine  
  141  11:02  Marine x2  
  144  11:11  Marine x3  
  144  11:15  Viking  
  144  11:17  Siege Tank  
  152  11:19  Marine  
  152  11:20  Medivac  
  152  11:22  Barracks Reactor x2  
  152  11:23  Barracks Reactor, Marine  
  152  11:24  Marine x3  
  152  11:25  Siege Tank  
  162  11:29  Marine  
  162  11:30  Marine  
  161  11:35  Marine  
  161  11:37  Marine  
  154  11:41  Marine x3  
  154  11:45  Medivac  
  154  11:46  Marine  
  149  11:47  Marine  
  149  11:48  Marine  
  149  11:49  Siege Tank  
  149  11:50  Medivac  
  150  11:57  Siege Tank  
  150  12:02  Marine  
  150  12:06  Marine x2  
  148  12:14  Marine x3  
  148  12:15  Viking, Marine x4  
  155  12:20  Medivac  
  155  12:21  Siege Tank, Marine x3  
  156  12:26  Marine  
  156  12:29  Siege Tank  
  141  12:37  Marine x5  
  142  12:45  Medivac  
  142  12:50  Marine x4  
  146  12:53  Siege Tank  
  147  12:59  Command Center  
  147  13:01  Command Center, Siege Tank  
  147  13:02  Command Center  
  147  13:05  Medivac  
  152  13:10  Marine  
  152  13:11  Marine  
  151  13:17  Marine x3  
Tags
 
Add a new tag
Caveats
  • Supply blocks, unpowered buildings, or Contaminate may cause inaccurate times.
  • Supply counts are checked every 10 seconds.